[Event "Rapid Tournament (RAP)"]
[Site "Biel, Switzerland"]
[Date "2026.07.12"]
[Round "8.34"]
[White "Ivarsson, Anders"]
[Black "Yang, Sung-Jui"]
[Result "1-0"]
[TimeControl "15 + 5"]
[WhiteTitle "-"]
[BlackTitle "-"]
[WhiteFideId "1768158"]
[BlackFideId "16301048"]
[WhiteElo "1907"]
[BlackElo "1825"]

1. Nf3 d5 2. c4 e6 3. g3 Nf6 4. Bg2 Be7 5. O-O O-O 6. a4 d4 7. e3 c5 8. exd4 cxd4 9. d3 Nc6 10. Re1 Bd6 11. Nbd2 e5 12. Ng5 Bf5 13.
Nge4 Be7 14. h3 h6 15. Kh2 Nb4 16. Qb3 Rb8 17. Nxf6+ gxf6 18. Ne4 Kh7 19. a5 Be6 20. Qd1 f5 21.
Qh5 fxe4 22. Bxe4+ f5 23. Qxh6+ Kg8 24. Qxe6+ Rf7 25. Bxf5 Qd6 26. Rxe5 Kf8 27. Bh6+ Kg8 28. Re4 Qxe6 29.
Bxe6 Nxd3 30. Rg4+ Kh7 31. Bxf7 Kxh6 32. Rxd4 Nxb2 33. Rb1 Na4 34. Rd7 Bc5 35. Rbxb7 Rf8 36. f4 Be3 37. Rd6+ Kg7 38.
Be8+ Kg8 39. Bxa4 Bc5 40. Rg6+ Kh8 41. Bc6 Be3 42. Rh6+ Kg8 43. Bd5+ 1-0

[Event "Rapid Tournament (RAP)"]
[Site "Biel, Switzerland"]
[Date "2026.07.12"]
[Round "8.35"]
[White "Alrefae, Ahmad"]
[Black "Lachat, Pierre"]
[Result "1-0"]
[TimeControl "15 + 5"]
[WhiteTitle "-"]
[BlackTitle "-"]
[WhiteFideId "10306510"]
[BlackFideId "1310763"]
[WhiteElo "1797"]
[BlackElo "1904"]

1. e4 c5 2. Nf3 Nc6 3. d4 cxd4 4. Nxd4 g6 5. Be3 Bg7 6.
Nc3 a6 7. f3 Nf6 8. Bc4 O-O 9. Bb3 d6 10. Qd2 Na5 11. O-O-O Nxb3+ 12. cxb3 b5 13. Kb1 Bb7 14. Bh6 Rc8 15. g4 Qd7 16. Nf5 Ne8 17. Nxg7 Nxg7 18.
h4 Qe6 19. h5 Rfe8 20. hxg6 Qxg6 21. f4 Bxe4+ 22. Ka1 Bxh1 23. Rxh1 b4 24. Ne2 Rc2 25. Qd1 Rec8 26. f5 Qf6 27.
Nc3 Rxb2 28. Nd5 Qe5 29. Nxe7+ Kf8 30. Bf4 Qxf4 31. Nxc8 Qe5 32. Qxd6+ Qxd6 33. Nxd6 Rd2 34. Nb7 Rd4 35.
f6 Ne8 36. g5 Kg8 37. Rg1 Rd5 38. Kb2 h6 39. gxh6+ Kh7 40. Rg4 a5 41. Rc4 Kxh6 42. Rc5 Rd2+ 43. Kb1 Nxf6 44. Rxa5 Ne4 45.
Nc5 Nc3+ 46. Kc1 Rd5 47. Kc2 Nxa2 48. Ra6+ Kh5 49. Ne4 Re5 50. Nf6+ Kg5 51. Nh7+ Kg4 52. Rxa2 f5 53. Ra4 Rb5 54. Kd2 Kg3 55. Nf6 f4 56.
Ra1 f3 57. Ke3 Re5+ 58. Ne4 Kg2 59. Ra2+ Kg1 60. Kxf3 Rd5 61.
Rg2+ Kf1 62. Ng3+ Ke1 63. Ke3 Kd1 64. Ne4 Kc1 65. Rd2 Rh5 66. Rf2 Rh3+ 67. Rf3 Rh4 68. Kd3 Rh8 69. Kc4 Rh4 70.
Re3 Kc2 71. Re2+ Kd1 72. Rd2+ Kc1 73. Rd4 Kc2 74. Kxb4 Rh3 75. Kc4 Rh8 76. b4 Rc8+ 77. Nc5 Kb2 78. b5 Ka3 79. b6 Rb8 80.
Kb5 Rh8 81. b7 Rg8 82. Ra4+ Kb2 83. Ra8 1-0

[Event "Rapid Tournament (RAP)"]
[Site "Biel, Switzerland"]
[Date "2026.07.12"]
[Round "8.36"]
[White "Gheorghiu, Alexandru"]
[Black "Alsaqer, Meshal"]
[Result "0-1"]
[TimeControl "15 + 5"]
[WhiteTitle "-"]
[BlackTitle "-"]
[WhiteFideId "1363573"]
[BlackFideId "10301771"]
[WhiteElo "1647"]
[BlackElo "1903"]

1. d4 d5 2. c4 e6 3. Nc3 Nf6 4. Bg5 Be7 5. Nf3 O-O 6. e3 h6 7. Bxf6 Bxf6 8. Qb3 dxc4 9. Bxc4 Nc6 10.
O-O Na5 11. Qb4 Nxc4 12. Qxc4 b6 13. Rac1 Bb7 14. e4 Rc8 15. Qd3 c5 16. d5 Bxc3 17. bxc3 exd5 18. exd5 Qxd5 19. Qxd5 Bxd5 20.
c4 Bxf3 21. gxf3 Rcd8 22. Rcd1 Rfe8 23. Kg2 Rxd1 24. Rxd1 Re2 25. Rd7 Rxa2 26. Rd8+ Kh7 0-1

[Event "Rapid Tournament (RAP)"]
[Site "Biel, Switzerland"]
[Date "2026.07.12"]
[Round "8.37"]
[White "Gheorghiu, Harry"]
[Black "Jehnichen, Kai"]
[Result "0-1"]
[TimeControl "15 + 5"]
[WhiteTitle "-"]
[BlackTitle "-"]
[WhiteFideId "1248839"]
[BlackFideId "24684333"]
[WhiteElo "1751"]
[BlackElo "1903"]

1. e4 e5 2. Bc4 Nc6 3. Nc3 Nf6 4. d3 Na5 5. Bb3 Nxb3 6. axb3 d5 7. exd5 Nxd5 8. Qf3 Nb4 9. Qe2 Bd6 10. Nf3 O-O 11.
O-O Bg4 12. Be3 Bxf3 13. Qxf3 Nxc2 14. Ra4 Nd4 15.
Bxd4 exd4 16. Ne4 Be7 17. Rc1 b6 18. Rac4 Rc8 0-1

[Event "Rapid Tournament (RAP)"]
[Site "Biel, Switzerland"]
[Date "2026.07.12"]
[Round "8.38"]
[White "Kwiatkowski, Maciej"]
[Black "Gunzinger, Severin"]
[Result "1-0"]
[TimeControl "15 + 5"]
[WhiteTitle "-"]
[BlackTitle "-"]
[WhiteFideId "1360175"]
[BlackFideId "1362518"]
[WhiteElo "1902"]
[BlackElo "1607"]

1. e4 c5 2. d4 cxd4 3. c3 dxc3 4. Nxc3 Nc6 5.
Nf3 e6 6. Bc4 Nge7 7. O-O Ng6 8. Qe2 Be7 9. Rd1 O-O 10. Be3 a6 11. a4 b6 12. Rd2 Bb7 13. Rad1 d6 14. h4 Qc7 15. h5 Nge5 16. Ba2 Nxf3+ 17. Qxf3 h6 18. Qg3 Kh8 19. Rc1 Qd7 20. Bxb6 Rab8 21. a5 Nb4 22. Bb1 d5 23. Bd4 Bg5 24. f4 Bf6 25. Bc5 Be7 26.
Bd4 Bf6 27. e5 Bd8 28. f5 Bxa5 29. f6 gxf6 30. Qf4 f5 31. Qxh6+ Kg8 32. Qg5+ Kh7 33. Bxf5+ exf5 34. e6 Rg8 35.
Qxf5+ Kh6 36. exd7 Rg5 37. Be3 Bc8 38. Ra1 1-0

[Event "Rapid Tournament (RAP)"]
[Site "Biel, Switzerland"]
[Date "2026.07.12"]
[Round "8.39"]
[White "Javet, Blaise"]
[Black "Gaier, Walter"]
[Result "1-0"]
[TimeControl "15 + 5"]
[WhiteTitle "-"]
[BlackTitle "-"]
[WhiteFideId "1305026"]
[BlackFideId "1310186"]
[WhiteElo "1980"]
[BlackElo "1832"]

1. e4 c5 2. Nf3 d6 3. d4 cxd4 4.
Nxd4 Nf6 5. Nc3 a6 6. Bg5 e6 7. f4 Be7 8. Qf3 Qc7 9. O-O-O Nbd7 10. Bd3 b5 11. a3 Bb7 12. Rhe1 h6 13.
Bh4 Rc8 14. Kb1 Nxe4 15. Bxe4 Bxe4 16. Qxe4 Bxh4 17. f5 Bxe1 18. Nd5 Qc4 19. fxe6 Ne5 20. exf7+ Kf8 21. Rxe1 1-0

[Event "Rapid Tournament (RAP)"]
[Site "Biel, Switzerland"]
[Date "2026.07.12"]
[Round "8.40"]
[White "Alexakis, Dimitrios"]
[Black "Surdez, Patrick"]
[Result "1-0"]
[TimeControl "15 + 5"]
[WhiteTitle "-"]
[BlackTitle "-"]
[WhiteFideId "4200527"]
[BlackFideId "1380206"]
[WhiteElo "1954"]
[BlackElo "1695"]

1. e4 c5 2. Nf3 Nc6 3. d4 cxd4 4. Nxd4 e5 5. Nb5 d6 6. c4 a6 7. N5c3 Nf6 8. Be2 Be7 9. O-O O-O 10.
Be3 Rb8 11. f3 Ne8 12. Na3 Nc7 13. Bb6 Qd7 14. Nc2 Re8 15. Nd5 Nxd5 16. cxd5 Nd8 17. Qd3 f5 18. a4 Nf7 19. Ne3 Nh6 20.
Nc4 Bg5 21. Qa3 Be7 22. Rac1 Rf8 23. a5 Rf6 24. Ne3 Bd8 25. exf5 Bxb6 26. axb6 Qd8 27. Qb4 Nxf5 28. Nxf5 Bxf5 29.
Rc7 Rg6 30. g3 Bh3 31. Rf2 Qg5 32. f4 exf4 33. Qxf4 Qxf4 34. Rxf4 Rf6 35. Rxf6 gxf6 36. Kf2 1-0

[Event "Rapid Tournament (RAP)"]
[Site "Biel, Switzerland"]
[Date "2026.07.12"]
[Round "8.41"]
[White "Schwab, Felix"]
[Black "Huang, Hsuan-Chen"]
[Result "0-1"]
[TimeControl "15 + 5"]
[WhiteTitle "-"]
[BlackTitle "-"]
[WhiteFideId "1311450"]
[BlackFideId "16303121"]
[WhiteElo "1945"]
[BlackElo "1648"]

1. e4 c5 2. Nf3 d6 3. d4 cxd4 4. Nxd4 Nf6 5. Nc3 a6 6. f3 e5 7. Nb3 h5 8. Bg5 Be6 9. Be2 Nbd7 10. O-O Be7 11. f4 b5 12. a4 bxa4 13.
Rxa4 Qb6+ 14. Kh1 exf4 15. Bxf4 Bxb3 16. cxb3 Nc5 17. Nd5 Nxd5 18. Qxd5 O-O 19. Ra3 Ne6 20. Qxh5 Nxf4 21. Rxf4 Qe3 22.
Qf3 Qc1+ 23. Bf1 Rac8 24. Rxa6 Qxb2 25. Ra7 Bf6 26. Bc4 d5 27. exd5 Rfe8 28. h4 Qc1+ 29. Qf1 Re1 30. d6 Rxf1+ 31. Rxf1 Qd2 32. Rxf7 Rxc4 33.
Rc7 Rxh4+ 0-1

[Event "Rapid Tournament (RAP)"]
[Site "Biel, Switzerland"]
[Date "2026.07.12"]
[Round "8.42"]
[White "Ranieri, Pierpaolo"]
[Black "Thomas, Vitus"]
[Result "1-0"]
[TimeControl "15 + 5"]
[WhiteTitle "-"]
[BlackTitle "-"]
[WhiteFideId "893986"]
[BlackFideId "1370790"]
[WhiteElo "1891"]
[BlackElo "1600"]

1. d4 d5 2. c4 c6 3. Nc3 Nf6 4. e3 g6 5. Nf3 Bg7 6. Be2 O-O 7. O-O Bf5 8. Qb3
Qc7 9. cxd5 cxd5 10. Nxd5 Nxd5 11. Qxd5 Qc6 12. Qb3 Be6 13. Qb5 a6 14. Qxc6 Nxc6 15. Rd1 Bf5 16. Bd2 e5 17. Bc3 exd4 18. Nxd4 Nxd4 19. Bxd4 Rac8 20. Bxg7 Kxg7 21.
Rac1 Be4 22. f3 Bc6 23. Kf2 Rfd8 24. e4 Kf6 25. Ke3 Ke5 26. f4+ Kf6 27. Bf3 Ke7 28. Rxd8 Rxd8 29. Rd1 Rc8 30. Rd2 Rc7 31. g4 f6 32. h4 Rc8 33. f5 Rh8 34. Kf4 Kf7 35. g5 Ke7 36. gxf6+ Kxf6 37.
e5+ Ke7 38. Bxc6 bxc6 39. f6+ Ke8 40. e6 Rf8 41. Ke5 1-0

[Event "Rapid Tournament (RAP)"]
[Site "Biel, Switzerland"]
[Date "2026.07.12"]
[Round "8.43"]
[White "Berger, Vincent"]
[Black "Pinelli, Gian"]
[Result "0-1"]
[TimeControl "15 + 5"]
[WhiteTitle "-"]
[BlackTitle "-"]
[WhiteFideId "1317822"]
[BlackFideId "1348710"]
[WhiteElo "1877"]
[BlackElo "1774"]

1. f4 d5 2. Nf3 Nf6 3. b3 c5 4. e3 Nc6 5. Bb5 Bd7 6. Bb2 a6 7. Bxc6 Bxc6 8. Ne5 Qc7 9. O-O e6 10.
d3 Bd6 11. Nd2 h5 12. Qe2 h4 13. Rae1 Nh5 14. Nxc6 Qxc6 15. Be5 O-O-O 16. Qf3 Rh6 17. c4 f6 18. cxd5 exd5 19. Bxd6 Qxd6 20.
Rc1 Kb8 21. d4 cxd4 22. exd4 g5 23. fxg5 fxg5 24. Qg4 Nf4 25. Rc3 Re8 26. Kh1 Ne2 27. Rcf3 Reh8 28. Qxg5 Ng3+ 29. Rxg3 hxg3 30.
h3 Qd7 31. Qf4+ Ka7 32. Qxg3 Rxh3+ 33. gxh3 Rxh3+ 34. Qxh3 Qxh3+ 35. Kg1 Qg3+ 36. Kh1 Qh4+ 37. Kg2 Qg5+ 0-1

[Event "Rapid Tournament (RAP)"]
[Site "Biel, Switzerland"]
[Date "2026.07.12"]
[Round "8.44"]
[White "Gheorghiu, Gabriel-Ion"]
[Black "Bonanomi, Silvan"]
[Result "0-1"]
[TimeControl "15 + 5"]
[WhiteTitle "-"]
[BlackTitle "-"]
[WhiteFideId "1248820"]
[BlackFideId "1352644"]
[WhiteElo "1679"]
[BlackElo "1867"]

1. d4 Nf6 2. c4 e6 3. Nc3 Bb4 4. Qc2 c5 5. e3 O-O 6. Nf3 d5 7. Bd3 Nc6 8. O-O cxd4 9. cxd5 dxc3 10.
dxc6 Nd5 11. e4 cxb2 12. Bxb2 Nb6 13. c7 Qe7 14. a3 Bd6 15. Qc3 f6 16. Qc2 Qxc7 17. Qxc7 Bxc7 18. Rac1 Bd6 19.
e5 fxe5 20. Bxe5 Bxa3 21. Rc7 Nd7 22. Ng5 Nxe5 23. Bxh7+ Kh8 24. Be4 Bd6 25. Rc2 Rb8 26. Rc3 Ng4 27. Rh3+ Nh6 28. Bg6 b5 29.
Nf7+ Kg8 30. Nxd6 Rb6 31. Ne4 e5 32. Rb3 Rxg6 33. Rxb5 Ba6 34. Rxe5 Bxf1 35. Kxf1 Ng4 36. Re7 Nxh2+ 37. Kg1 Nf3+ 38. Kf1 Ng5 39. Nxg5 Rxg5 40. Rxa7 Re5 41. Ra2 Rfe8 42. g3 Kf7 43. Kg2 Kf6 44. Ra6+ Kf5 45. Kf3 Kg5 46. Kg2 Re2 47. Kf3 Rb2 48. Ra5+ Kh6 49. Rf5 Ree2 50. Kg2 g6 51. Rf4 Kg5 52.
Rf8 Re1 53. Rf4 Rbb1 54. Rc4 Rg1+ 55. Kh2 Kf5 56. Rc5+ Ke4 57. Rc8 Kf3 58. Rf8+ Kg4 59. Rf4+ Kg5 60. Rf8 Kh5 61. Rh8+ Kg4 62. Rh4+ Kf3 63. Rf4+ Ke2 64. Re4+ Kxf2 65. Rf4+ Ke3 0-1

[Event "Rapid Tournament (RAP)"]
[Site "Biel, Switzerland"]
[Date "2026.07.12"]
[Round "8.45"]
[White "Guidi, Elia"]
[Black "Tcheau, Alain"]
[Result "0-1"]
[TimeControl "15 + 5"]
[WhiteTitle "-"]
[BlackTitle "-"]
[WhiteFideId "1351931"]
[BlackFideId "1306014"]
[WhiteElo "1627"]
[BlackElo "1932"]

1. d4 c6 2. c4 e6 3. Nc3 d5 4.
Nf3 Nf6 5. Bg5 Be7 6. e3 O-O 7. Bd3 h6 8. Bh4 Nh5 9. Bxe7 Qxe7 10. O-O Nf6 11. Rc1 Nbd7 12. Re1 a6 13. e4 dxe4 14.
Nxe4 Nxe4 15. Rxe4 Nf6 16. Re3 Bd7 17. Qb3 b5 18. Ne5 Rfc8 19. Nxd7 Qxd7 20. Rd1 0-1

[Event "Rapid Tournament (RAP)"]
[Site "Biel, Switzerland"]
[Date "2026.07.12"]
[Round "8.46"]
[White "Liengme, Samuel"]
[Black "Martin, Gerome"]
[Result "1/2-1/2"]
[TimeControl "15 + 5"]
[WhiteTitle "-"]
[BlackTitle "-"]
[WhiteFideId "1368141"]
[BlackFideId "1360817"]
[WhiteElo "1967"]
[BlackElo "1757"]

1. e4 c5 2. c3 d5 3. exd5 Qxd5 4.
Nf3 Bg4 5. d4 Bxf3 6. Qxf3 Qxf3 7. gxf3 cxd4 8. cxd4 e6 9. Nc3 Nf6 10. Nb5 Na6 11. Bf4 Bb4+ 12. Kd1 Kd7 13. a3 Ba5 14.
Nd6 Bc7 15. Nxb7 Bxf4 16. Bxa6 Ke7 17. Ke2 Rac8 18. Nc5 Rc6 19. Bd3 Rd8 20. b4 Rxd4 21. Rad1 a5 22. Be4 Rxd1 23. Rxd1 Rc8 24.
h4 axb4 25. axb4 Rb8 26. Rd4 Be5 27. Rc4 Nd5 28. Nd3 Bd6 29. Bxd5 exd5 30. Rd4 Rb5 31. Nf4 Bxf4 32. Rxf4 Ke6 33.
Ke3 h5 34. Rd4 Ke5 35. f4+ Kf5 36. f3 Ke6 37. Kd3 Kd6 38. Kc3 Kc6 39. Kb3 Rb7 40. Rd2 Re7 41. b5+ Kxb5 42. Rxd5+ Kc6 43. Rxh5 Re3+ 44. Kc4 Rxf3 45. Rf5 f6 46. Kd4 Kd6 47.
Ke4 Rh3 48. Rh5 Rh1 49. Kf5 Ke7 50. Rh7 Kf7 51. Rh8 Re1 52. h5 Rh1 53. Kg4 Ke6 54. Re8+ Kf7 55. Ra8 Rg1+ 56. Kf5 Rh1 57.
Ra7+ Kg8 58. Kg4 Kh7 59. Ra8 Rg1+ 60. Kf5 Rh1 61. Kg4 Rg1+ 62. Kf5 Rh1 1/2-1/2

[Event "Rapid Tournament (RAP)"]
[Site "Biel, Switzerland"]
[Date "2026.07.12"]
[Round "8.47"]
[White "Boyer, Jean-Francois"]
[Black "Materia, Mario"]
[Result "0-1"]
[TimeControl "15 + 5"]
[WhiteTitle "-"]
[BlackTitle "-"]
[WhiteFideId "650226"]
[BlackFideId "651082241"]
[WhiteElo "1749"]
[BlackElo "1914"]

1. e4 e5 2. Nf3 Nc6 3. d4 exd4 4. Nxd4 Nf6 5. Nxc6 bxc6 6.
e5 Qe7 7. Qe2 Nd5 8. c4 Ba6 9. g3 g6 10. Bg2 Bg7 11. Qe4 Nb6 12. O-O Bxc4 13. Re1 Bd5 14. Qd4 O-O 15. Nc3 Bxg2 16.
Kxg2 Rfe8 17. f4 d6 18. Qe4 dxe5 19. Qxc6 Qd7 20. Qf3 exf4 21. Bxf4 Qf5 22. Rxe8+ Rxe8 23. Rc1 c5 24. g4 Qe6 25.
Rc2 Bxc3 26. bxc3 Qd5 27. c4 Qxf3+ 28. Kxf3 Re6 29. Bh6 f6 30. Bf4 Kf7 31. Bb8 a6 32. Bc7 Nd7 33. h3 Rc6 34.
Bg3 Re6 35. Bc7 Ne5+ 36. Kf2 Nd3+ 37. Kf1 Re1+ 38. Kg2 Re4 39. Kf1 Nb4 40. Rb2 Rxc4 41. a3 Rc1+ 42. Kg2 Rc2+ 43. Rxc2 Nxc2 44. a4 Ke6 45. Kf2 Kd5 46.
Ke2 c4 47. Kd2 Nd4 48. Kc3 Ne6 49. Bg3 f5 50. gxf5 gxf5 51. Bf2 Nc5 52. Kb4 Nd3+ 0-1

[Event "Rapid Tournament (RAP)"]
[Site "Biel, Switzerland"]
[Date "2026.07.12"]
[Round "8.48"]
[White "Schneggenburger, Miguel"]
[Black "Filimonov, Arsenii"]
[Result "0-1"]
[TimeControl "15 + 5"]
[WhiteTitle "-"]
[BlackTitle "-"]
[WhiteFideId "1361279"]
[BlackFideId "34171584"]
[WhiteElo "1742"]
[BlackElo "1843"]

1. d4 Nf6 2. c4 e6 3.
Nf3 b6 4. g3 Ba6 5. b3 Bb7 6. Bg2 Bb4+ 7. Nbd2 O-O 8. O-O c6 9. a3 Be7 10. e4 d5 11. e5 Nfd7 12. Bb2 Qc7 13.
Rc1 c5 14. cxd5 Bxd5 15. Qe2 Qb7 16. Rfd1 Nc6 17. dxc5 bxc5 18. Nc4 Rab8 19. Nfd2 Bxg2 20. Nd6 Bxd6 21. exd6 Bd5 22. Qg4 Nce5 23.
Qe2 Nf3+ 24. Nxf3 Bxf3 25. Qc2 Bxd1 26. Qc3 f6 27. Rxd1 Qxb3 28. Qxb3 Rxb3 29. Bc1 Rfb8 30. Be3 Rb1 31.
Bc1 R8b3 32. Re1 Rc3 33. Bd2 Rxe1+ 34. Bxe1 Rc1 35. Kf1 c4 36. Ke2 Kf7 37. Bb4 e5 38. Kd2 Rf1 39. Kc3 Rxf2 40.
Kxc4 Ke6 41. Kb5 Rb2 42. Kc6 Rxb4 43. axb4 e4 0-1

[Event "Rapid Tournament (RAP)"]
[Site "Biel, Switzerland"]
[Date "2026.07.12"]
[Round "8.49"]
[White "Ziegler, Andrin"]
[Black "Erb, Bernhard"]
[Result "0-1"]
[TimeControl "15 + 5"]
[WhiteTitle "-"]
[BlackTitle "-"]
[WhiteFideId "1364138"]
[BlackFideId "1319809"]
[WhiteElo "1730"]
[BlackElo "1837"]

1. d4 e6 2. c4 f5 3. Nc3 Nf6 4.
g3 Be7 5. Bg2 Nc6 6. Nf3 O-O 7. O-O a6 8. Ne5 Rb8 9. Re1 Na7 10. Be3 b6 11. d5 d6 12. Nc6 Nxc6 13. dxc6 Ng4 14. Bd2 Bf6 15. Rc1 Bd4 16.
e3 Bf6 17. h3 Ne5 18. Qe2 Qe8 19. e4 Nxc6 20. exf5 Nd4 21. Qd3 Nxf5 22. Nd5 Bxb2 23. Nxc7 Qf7 24. Nxa6 Bxa6 25. Rc2 Bd4 26.
Rxe6 Kh8 27. Bd5 Nxg3 28. Qxd4 Ne2+ 29. Rxe2 Qg6+ 30. Kf1 Qxc2 31. Bh6 Qb1+ 32. Kg2 Qg6+ 0-1

[Event "Rapid Tournament (RAP)"]
[Site "Biel, Switzerland"]
[Date "2026.07.12"]
[Round "8.50"]
[White "Rohde, Bernhard"]
[Black "Zumbrunn, Simon"]
[Result "0-1"]
[TimeControl "15 + 5"]
[WhiteTitle "-"]
[BlackTitle "-"]
[WhiteFideId "1323016"]
[BlackFideId "1364146"]
[WhiteElo "1834"]
[BlackElo "1727"]

1. e4 e5 2. Nf3 Nc6 3.
Bc4 Nf6 4. Ng5 d5 5. exd5 b5 6. Bxb5 Qxd5 7. Bxc6+ Qxc6 8.
Nf3 Bb7 9. Nc3 Bc5 10. d3 O-O-O 11. Qe2 e4 12. dxe4 Rhe8 13. O-O Ba6 14. Qe1 Nxe4 15. Nxe4 Rxe4 16. Be3 Bxe3 17. fxe3 Bxf1 18.
Qxf1 Rxe3 19. c3 Rde8 20. Nd4 Qg6 21. Qf2 f6 22. g3 Qe4 23. Qg2 Qxg2+ 24. Kxg2 c5 25. Nf5 Re2+ 26. Kh3 R8e5 27.
Nxg7 Rg5 0-1

[Event "Rapid Tournament (RAP)"]
[Site "Biel, Switzerland"]
[Date "2026.07.12"]
[Round "8.51"]
[White "Chu, Wa Ching David"]
[Black "Duric, Ivan"]
[Result "0-1"]
[TimeControl "15 + 5"]
[WhiteTitle "-"]
[BlackTitle "-"]
[WhiteFideId "6013180"]
[BlackFideId "1358138"]
[WhiteElo "1723"]
[BlackElo "1832"]

1. d4 Nf6 2. Bg5 Ne4 3.
Bh4 g5 4. f3 gxh4 5. fxe4 Bg7 6. e3 d6 7. Nf3 Bg4 8. Bc4 O-O 9. O-O Nd7 10. Qe1 c6 11. Qxh4 Bxf3 12. Rxf3 b5 13.
Bd3 e5 14. c3 Qxh4 15. Nd2 a5 16. Raf1 Qe7 17. Rh3 Nf6 18. Nf3 Ng4 19. Nh4 Nxe3 20. Rff3 Bf6 21. Nf5 Nxf5 22. Rxf5 Bg5 23.
Rg3 f6 24. h4 Rf7 25. hxg5 fxg5 26. Rfxg5+ Rg7 27. Rxg7+ Qxg7 28. Rxg7+ Kxg7 29. Kf2 Rf8+ 30. Kg3 Kf6 31. Be2 Kg5 32.
Bf3 h5 33. Kf2 h4 34. Ke3 c5 35. d5 b4 36. c4 a4 37. Be2 Rf6 38. Bf3 Rh6 39. Kf2 Kf4 40. Ke2 Kg3 41. Ke3 Rf6 42.
b3 a3 43. Ke2 Rxf3 44. gxf3 Kg2 45. f4 h3 46. fxe5 h2 47. exd6 h1=Q 48. Ke3 Qh6+ 49. Kd3 Qxd6 50. Ke3 Qe5 51.
Kd3 Qd4+ 52. Kc2 Qxe4+ 53. Kc1 Qd4 54. d6 Qxd6 55. Kc2 Qd4 56. Kc1 Qc3+ 57. Kd1 Qa1+ 58. Kd2 Qxa2+ 59. Kc1 Qb2+ 60.
Kd1 a2 61. Ke1 a1=R# 0-1

[Event "Rapid Tournament (RAP)"]
[Site "Biel, Switzerland"]
[Date "2026.07.12"]
[Round "8.52"]
[White "Huettinger, Jonathan"]
[Black "Di Meo, Quentin"]
[Result "0-1"]
[TimeControl "15 + 5"]
[WhiteTitle "-"]
[BlackTitle "-"]
[WhiteFideId "1366750"]
[BlackFideId "1338498"]
[WhiteElo "1704"]
[BlackElo "1828"]

1. d4 d6 2. c4 Nf6 3. Nf3 Nbd7 4. Nc3 e5 5. e4 Be7 6. Be2 c6 7. O-O O-O 8. b3 Qc7 9. Bb2 a5 10.
Qc2 Re8 11. Rac1 exd4 12. Nxd4 Nc5 13. Rfe1 Bf8 14. Bd3 Nxd3 15. Qxd3 Ng4 16. Qg3 Ne5 17. Nf5 Bxf5 18. exf5 f6 19.
Ne4 Qf7 20. Rcd1 a4 21. f4 Nd7 22. Rd3 d5 23. cxd5 cxd5 24. Nd2 Nc5 25. Rxe8 Rxe8 26. Rf3 axb3 27. axb3 Ne4 28. Nxe4 dxe4 29.
Re3 Bc5 30. h3 Qxb3 31. Bc1 Rd8 32. Kh2 Bxe3 33. Qxe3 Qxe3 34. Bxe3 b5 35. Bb6 Rd3 36. Bc5 Rd5 37. Bb4 Rxf5 38.
Kg3 Rd5 39. Kf2 Rd3 40. Bc5 Kf7 41. h4 h5 42. g3 Ke6 43. Bb4 f5 44. Bc5 Kd5 45. Bb4 Kc4 46. Bf8 g6 47. Kg2 b4 48.
Kh3 b3 49. Bg7 e3 50. Bf8 b2 51. Ba3 Rxa3 52. Kg2 e2 53. Kf2 b1=Q 54. Kg2 0-1

[Event "Rapid Tournament (RAP)"]
[Site "Biel, Switzerland"]
[Date "2026.07.12"]
[Round "8.53"]
[White "Jaggy, Enzo"]
[Black "Klopfenstein, Francois"]
[Result "1/2-1/2"]
[TimeControl "15 + 5"]
[WhiteTitle "-"]
[BlackTitle "-"]
[WhiteFideId "1344919"]
[BlackFideId "1303040"]
[WhiteElo "1682"]
[BlackElo "1815"]

1. d4 e6 2. Nf3 Nf6 3. e3 b6 4. Bd3 Bb7 5. Nbd2 d5 6. O-O Be7 7. Re1 Nbd7 8. e4 dxe4 9. Nxe4 O-O 10.
c3 c5 11. dxc5 Nxc5 12. Nxc5 Bxc5 13. Bg5 h6 14. Bf4 Nd5 15. Be5 Bd6 1/2-1/2

[Event "Rapid Tournament (RAP)"]
[Site "Biel, Switzerland"]
[Date "2026.07.12"]
[Round "8.54"]
[White "Koehler, Noe"]
[Black "Knuesel, Jolan"]
[Result "0-1"]
[TimeControl "15 + 5"]
[WhiteTitle "-"]
[BlackTitle "-"]
[WhiteFideId "1362488"]
[BlackFideId "1364529"]
[WhiteElo "1814"]
[BlackElo "1651"]

1. e4 c6 2. d4 d5 3. Nc3 dxe4 4. Nxe4 Nf6 5.
Nxf6+ exf6 6. c3 g6 7. Bd3 Bg7 8.
Qc2 O-O 9. Be3 Re8 10. Ne2 Nd7 11. O-O-O Nb6 12. h4 Bg4 13. Bf4 Bxe2 14. Bxe2 Qd5 15. Kb1 Qxg2 16. Bd3 Qf3 17. Bg3 Nd5 18.
h5 Nf4 19. Bxf4 Qxf4 20. hxg6 fxg6 21. Rdg1 f5 22. Qb3+ Kf8 23. Qb4+ Re7 24. Re1 Rae8 25. Rxh7 Qd2 26. Reh1 Qxd3+ 27. Kc1 Kf7 28. Qb3+ Kf6 29. Rd1 Qe2 30. Rhh1 Qxf2 31. Qb4 Qe3+ 32. Kc2 Qe4+ 33. Kc1 Qf4+ 34. Kc2 Re2+ 35. Kb3 Qf2 36.
Qd6+ R8e6 37. Qd8+ Kf7 38. Qd7+ Re7 39. Qd8 0-1

[Event "Rapid Tournament (RAP)"]
[Site "Biel, Switzerland"]
[Date "2026.07.12"]
[Round "9.2"]
[White "Bu, Xiangzhi"]
[Black "Ghosh, Diptayan"]
[Result "1-0"]
[TimeControl "15 + 5"]
[WhiteTitle "-"]
[BlackTitle "-"]
[WhiteFideId "8601445"]
[BlackFideId "5045207"]
[WhiteElo "2583"]
[BlackElo "2480"]

1. Nf3 d5 2. d4 Nf6 3. c4 e6 4. Nc3 Nbd7 5.
cxd5 exd5 6. Bg5 Be7 7. e3 h6 8.
Bh4 c6 9. Bd3 O-O 10. Qc2 Re8 11. O-O Ne4 12. Bxe4 Bxh4 13. Bh7+ Kh8 14. Bf5 Bf6 15. b4 Nb6 16. Bd3 Bg4 17.
Nd2 Be7 18. Rab1 Bd6 19. h3 Be6 20. a4 Qh4 21. Bf5 Rac8 22. Bxe6 Rxe6 23. a5 Nd7 24. Nxd5 Rce8 25. Nc3 Rg6 26.
Qf5 Rg5 27. Qxd7 Rxe3 28. Nce4 Rxe4 29. Qxd6 Rf4 30. Rb3 Rg6 31. Qb8+ Kh7 32. Nf3 Qf6 33. Ne5 1-0

[Event "Rapid Tournament (RAP)"]
[Site "Biel, Switzerland"]
[Date "2026.07.12"]
[Round "9.3"]
[White "Acs, Peter"]
[Black "Aronyak, Ghosh"]
[Result "1/2-1/2"]
[TimeControl "15 + 5"]
[WhiteTitle "-"]
[BlackTitle "-"]
[WhiteFideId "708020"]
[BlackFideId "25072846"]
[WhiteElo "2474"]
[BlackElo "2482"]

1. e4 c6 2. d4 d5 3. e5 Bf5 4.
h4 h5 5.
c4 e6 6.
Nc3 Ne7 7. Nge2 dxc4 8. Ng3 b5 9. Bg5 Qd7 10. Be2 Bg6 11. O-O Na6 12. a4 Nc7 13. axb5 cxb5 14. b3 Nc6 15. bxc4 Nxd4 16.
Nxb5 Ncxb5 17. cxb5 Nxe2+ 18. Qxe2 Bc5 19. Rfd1 Qb7 20. Qc4 Qb6 21. Ra6 Bxf2+ 22. Kf1 Qc5 23. Rxe6+ fxe6 24. Qxe6+ Kf8 25.
Qxg6 Bxg3 26. Qf5+ Kg8 27. Qe6+ Kh7 28. Qf5+ Kg8 29. Qe6+ 1/2-1/2

[Event "Rapid Tournament (RAP)"]
[Site "Biel, Switzerland"]
[Date "2026.07.12"]
[Round "9.4"]
[White "Ganguly, Surya Shekhar"]
[Black "Dong, Hongfu"]
[Result "1/2-1/2"]
[TimeControl "15 + 5"]
[WhiteTitle "-"]
[BlackTitle "-"]
[WhiteFideId "5002150"]
[BlackFideId "8626960"]
[WhiteElo "2545"]
[BlackElo "2271"]

1. e4 c5 2. Nf3 d6 3. d4 cxd4 4. Nxd4 Nf6 5. Nc3 g6 6. Be3 Bg7 7. f3 O-O 8. Qd2 Nc6 9. Bc4 Bd7 10.
O-O-O Ne5 11. Be2 Rc8 12. Kb1 Nc4 13. Bxc4 Rxc4 14. g4 b5 15. b3 b4 16. bxc4 bxc3 17. Qxc3 Qc7 18. Rd3 Rc8 19. Qb2 Qxc4 20.
Rb3 h5 21. Rb4 Qa6 22. gxh5 Nxh5 23. Rb8 Rxb8 24. Qxb8+ Kh7 25. Qb4 Be5 26. h4 Ng3 27. Re1 Nf1 28. Bc1 Bf6 29. Bg5 Bxd4 30. Qxd4 Be6 31. Qb2 Nh2 32. Bxe7 Nxf3 33. Rh1 Nd2+ 34.
Kc1 Nxe4 35. h5 Qxa2 36.
hxg6+ Kxg6 37. Rg1+ Kf5 38. Rf1+ Kg6 39. Rg1+ Kf5 40. Qd4 Qa3+ 41. Kd1 Bc4 42. Qxc4 Qf3+ 43. Kc1 Qa3+ 44. Kd1 Qf3+ 45. Kc1 Qa3+ 1/2-1/2

[Event "Rapid Tournament (RAP)"]
[Site "Biel, Switzerland"]
[Date "2026.07.12"]
[Round "9.5"]
[White "Manko, Mariia"]
[Black "Gopal, G.N."]
[Result "0-1"]
[TimeControl "15 + 5"]
[WhiteTitle "-"]
[BlackTitle "-"]
[WhiteFideId "14199220"]
[BlackFideId "5015693"]
[WhiteElo "2210"]
[BlackElo "2471"]

1. d4 Nf6 2. c4 e6 3. g3 d5 4. Bg2 Bb4+ 5. Bd2 Be7 6. Nf3 O-O 7. O-O c6 8. Qc2 Nbd7 9. Bf4 b6 10. Nbd2 Nh5 11. e3 Bb7 12. cxd5 exd5 13.
h4 Nxf4 14. exf4 c5 15. Nb1 cxd4 16. Nxd4 Bc5 17. Qd2 Nf6 18. Nc3 Ne4 19. Qd3 Qf6 20. Rad1 Rfd8 21. Nc2 a5 22. Ne3 Nxc3 23.
bxc3 d4 24. Ng4 Qe7 25. Rfe1 Qc7 26. Bxb7 Qxb7 27. h5 h6 28. c4 Rac8 29. Re5 Qc7 30.
Rde1 Bf8 31. Rd5 Rxd5 32. cxd5 Qd7 33. Ne5 Qxd5 34. Rd1 Bc5 35. Qf5 Rd8 36. Qg4 Qxa2 37. f5 f6 38. Nc6 d3 39. Nxd8 Qxf2+ 40. Kh1 d2 41. Qc4+ Kh7 42. Rf1 Qxg3 43. Qe2 Qh3+ 0-1